 Dungeon Crawl Stone Soup version 0.29.0-4-gdea44cf6ec (webtiles) character file.

Game seed: 13892529460460360189

87 qw the Chopper (level 4, 0/26 HPs)
             Began as a Tengu Warper on Aug 28, 2022.
             Slain by an orc
             ... wielding a +0 falchion
              (1 damage)
             ... on level 3 of the Dungeon.
             The game lasted 00:00:12 (2548 turns).

qw the Chopper (Tengu Warper)                       Turns: 2548, Time: 00:00:12

Health: 0/26       AC:  8    Str: 14    XL:     4   Next: 51%
Magic:  8/8        EV:  6    Int: 13    God:
Gold:   68         SH:  0    Dex: 13    Spells: 7/7 levels left

rFire   . . .      SeeInvis .   Y - +1 hand axe
rCold   . . .      Faith    .   (no shield)
rNeg    . . .      Spirit   .   c - +0 chain mail
rPois   .          Reflect  .   (helmet restricted)
rElec   .          Harm     .   (no cloak)
rCorr   .          Rampage  .   (no gloves)
Will    +....                   (boots unavailable)
Stlth   ..........              (no amulet)
HPRegen 0.08/turn               b - ring of willpower
MPRegen 0.11/turn               (no ring)

@: about to teleport
A: beak, talons 3
a: no special abilities


You were on level 3 of the Dungeon.
You visited 1 branch of the dungeon, and saw 3 of its levels.

You collected 68 gold pieces.


Innate Abilities, Weirdness & Mutations

You have a beak for a mouth.
You have claws for feet.


   Skills:
 - Level 2.0 Fighting
 + Level 5.1 Axes
 - Level 1.0 Throwing
 - Level 1.1 Armour
 - Level 2.1 Dodging
 - Level 2.0 Spellcasting
 - Level 2.4 Translocations


You had 7 spell levels left.
You didn't know any spells.
Your spell library contained the following spells:

 Spells                   Type           Power      Damage    Failure   Level
 Blink                    Tloc           14%        N/A       99%         2
 Gell's Gravitas          Tloc           7%         N/A       100%        3
 Lesser Beckoning         Tloc           7%         N/A       100%        3
 Teleport Other           Tloc           7%         N/A       100%        3
 Manifold Assault         Tloc           7%         N/A       100%        5

Inventory:

Hand Weapons
 e - a +0 mace
 Y - a +1 hand axe (weapon)
Missiles
 h - 4 boomerangs (quivered)
Armour
 c - a +0 chain mail (worn)
Jewellery
 b - a ring of willpower (left hand)
Scrolls
 a - a scroll of teleportation
Potions
 f - a potion of brilliance {unknown}
 g - a potion of heal wounds

Dungeon Overview and Level Annotations

Branches:
Dungeon (3/15)

Altars:


Message History

Enter note: 2 gnolls and an orc come into view.
The gnoll shouts!
The orc shouts!
The orc hits you but does no damage. The gnoll completely misses you.
The gnoll bouda barks out a call to the hunt!
The gnolls pick up the pace!
A gnoll comes into view. It is wielding a +0 club.
The orc suddenly cheers.
There is a large open door here.
You hit the gnoll but do no damage. Your peck misses the gnoll.
Your punch misses the gnoll. You hit the orc but do no damage. x3
The gnoll hits you with a +0 club.
The gnoll hits you from afar with a +0 spear.
The orc hits you but does no damage. x2; The orc barely misses you.
You closely miss the gnoll. You closely miss the orc.
You hit the orc but do no damage. You barely miss the orc.
The orc hits you with a +1 vorpal falchion.
The gnoll hits you with a +0 club. The gnoll hits you but does no damage.
The orc hits you but does no damage. x2; The gnoll hits you but does no damage.
You barely miss the gnoll. You claw the gnoll. Your peck misses the gnoll.
The gnoll is moderately wounded.
You hit the orc. You completely miss the orc. You hit the orc.
The gnoll barely misses you. The gnoll hits you but does no damage.
The orc hits you but does no damage. The orc barely misses you. x2
The gnoll hits you from afar with a +0 spear.
You slash the orc!
You kill the orc!
You hit the orc but do no damage. You hit the gnoll but do no damage.
You hit the orc. The gnoll closely misses you.
The gnoll bouda calls upon its god to heal the gnoll.
The gnoll's wounds heal themselves!
The gnoll hits you from afar with a +0 spear.
The orc hits you with a +0 short sword. The orc hits you with a +0 falchion.
The gnoll hits you with a +0 club. The gnoll hits you but does no damage.
2548 ||| READING 2 scrolls of teleportation.
As you read the scroll of teleportation, it crumbles to dust.
You feel strangely unstable. The gnoll hits you but does no damage.
The orc hits you with a +0 falchion.
You die...

#######++######
...............
.......gg......
.....gogoo.....
....gKooggg....
##@g##
#######....#
+.....'....+
#######....#
##########''''####
..................
~~~~~~~~~~....~~~~
~~~~~~~~~~....~~~~
~~~~~~~~~~....~~~~


You could see a kobold brigand, a gnoll bouda, 8 gnolls and 5 orcs.

Vanquished Creatures
  2 gnolls (D:2)
  2 adders (D:2)
  An orc (D:3)
  2 giant cockroaches
  3 goblins
  8 hobgoblins
  8 jackals (D:2)
  4 kobolds
  2 quokkas (D:1)
  4 ball pythons
  4 bats
  2 frilled lizards
  A rat (D:1)
43 creatures vanquished.

Notes
Turn   | Place    | Note
-------+----------+-------------------------------------------
     0 | D:1      | qw the Tengu Warper began the quest for the Orb.
     0 | D:1      | Reached XP level 1. HP: 12/12 MP: 4/4
     0 | D:1      | 0 ||| qw: Version: 0.1-a-89-g26bdef1
     0 | D:1      | 0 ||| qw: Game counter: 409
     0 | D:1      | 0 ||| qw: Always use a shield: true
     0 | D:1      | 0 ||| qw: God list: Okawaru
     0 | D:1      | 0 ||| qw: Allow faded altars: false
     0 | D:1      | 0 ||| qw: Do Orc after D:15 true
     0 | D:1      | 0 ||| qw: Do second Lair branch before Depths: true
     0 | D:1      | 0 ||| qw: Lair rune preference: random
     0 | D:1      | 0 ||| qw: Plans: Normal
     0 | D:1      | 0 ||| PLANNING D:1-11
   199 | D:1      | Reached XP level 2. HP: 10/17 MP: 6/6
   363 | D:1      | Reached skill level 3 in Axes
  1175 | D:1      | 1175 ||| UPGRADING to +0 ring mail.
  1185 | D:1      | 1185 ||| DROPPING +0 leather armour.
  1186 | D:1      | 1186 ||| READING scroll labelled MUD PODWEOGAPH.
  1187 | D:1      | 1187 ||| READING scroll labelled HUWUZA QICWEELL.
  1192 | D:1      | 1192 ||| READING scroll labelled BEFFOPEXIVA.
  1193 | D:1      | 1193 ||| DROPPING scroll of blinking.
  1317 | D:2      | Reached skill level 4 in Axes
  1317 | D:2      | Reached XP level 3. HP: 11/21 MP: 7/7
  2087 | D:2      | Reached XP level 4. HP: 24/26 MP: 8/8
  2233 | D:2      | 2233 ||| UPGRADING to +0 chain mail.
  2243 | D:2      | 2243 ||| DROPPING +0 ring mail.
  2244 | D:2      | 2244 ||| UPGRADING to ring of willpower.
  2245 | D:2      | 2245 ||| READING scroll labelled MEGUGIFAID.
  2246 | D:2      | 2246 ||| READING scroll labelled JANOKL YCSIGG.
  2247 | D:2      | 2247 ||| DRINKING 2 cyan potions.
  2283 | D:3      | 2283 ||| STAIRDANCE
  2292 | D:3      | 2292 ||| STAIRDANCE
  2319 | D:3      | 2319 ||| STAIRDANCE
  2455 | D:3      | 2455 ||| STAIRDANCE
  2460 | D:2      | Reached skill level 5 in Axes
  2542 | D:3      | Noticed a kobold brigand
  2547 | D:3      | HP: 6/26 [orc/+0 short sword (2)]
  2547 | D:3      | HP: 1/26 [gnoll/+0 club (3)]
  2548 | D:3      | 2548 ||| READING 2 scrolls of teleportation.
  2548 | D:3      | Slain by an orc

Levels and vault maps discovered:
D:1:      eino_arrival_tree_alley, layout_loops_corners
D:2:      layout_loops_ring, minivault_19,
          nicolae_concentric_dashed_squares_wild, lightli_corner_chamber
D:3:      lemuel_castle_with_subvaults [lemuel_castle_interior_original],
          layout_basic, nicolae_elyvilon_temple_path

Skill      XL: |  1  2  3  4 |
---------------+-------------+-----
Axes           | 4 5 |  5.1
Fighting       | |  2.0
Throwing       | |  1.0
Armour         | |  1.1
Dodging        | |  2.1
Spellcasting   | |  2.0
Translocations | |  2.4

Action                   |  1- 3 |  4- 6 || total
-------------------------+-------+-------++-------
Melee: Hand axe          |    71 |    21 ||    92
       Kick              |    13 |     8 ||    21
       Peck              |     7 |     1 ||     8
       Punch             |       |     2 ||     2
Throw: Boomerang         |    34 |     2 ||    36
  Use: Scroll            |     3 |     3 ||     6
       Potion            |       |     1 ||     1
Armor: Leather armour    |     5 |       ||     5
       Ring mail         |    18 |       ||    18
       Chain mail        |       |    24 ||    24
Dodge: Dodged            |    32 |    19 ||    51

Table legend:
 A = Non-vault XP
 B = Vault XP
 C = Vault XP percentage of total XP
 D = Non-vault monster count
 E = Vault monster count
 F = Vault count percentage of total count
                 A         B        C        D         E       F
            +---------+---------+-------+---------+---------+-------
      Total |      84 |      41 |  32.8 |      36 |       7 |  16.3
            +---------+---------+-------+---------+---------+-------
        D:1 |      27 |       0 |   0.0 |      17 |       0 |   0.0
        D:2 |      55 |      38 |  40.9 |      18 |       6 |  25.0
        D:3 |       2 |       3 |  60.0 |       1 |       1 |  50.0
            +---------+---------+-------+---------+---------+-------
